 Dungeon Crawl Stone Soup version 0.29.0-4-gdea44cf6ec (webtiles) character file.

Game seed: 9662048897079265931

12 qw the Sneak (level 2, -1/19 HPs)
             Began as a Gargoyle Delver on Sept 10, 2022.
             Slain by an orc
             ... wielding a +0 falchion
              (2 damage)
             ... on level 3 of the Dungeon.
             The game lasted 00:00:07 (336 turns).

qw the Sneak (Gargoyle Delver)                       Turns: 336, Time: 00:00:08

Health: -1/19      AC:  5    Str: 15    XL:     2   Next: 33%
Magic:  2/2        EV: 11    Int: 10    God:
Gold:   0          SH:  0    Dex: 11    Spells: 1/1 levels left

rFire   . . .      SeeInvis .   a - +0 hand axe
rCold   . . .      Faith    .   (no shield)
rNeg    + . .      Spirit   .   b - +0 leather armour
rPois   inf        Reflect  .   (no helmet)
rElec   +          Harm     .   (no cloak)
rCorr   .          Rampage  .   (no gloves)
Will    .....                   (no boots)
Stlth   +.........              (no amulet)
HPRegen 0.06/turn               (no ring)
MPRegen 0.08/turn               (no ring)

@: confused
A: sickness immunity, AC +2, negative energy resistance 1, electricity
resistance, torment resistance 1, petrification resistance
a: no special abilities


You were on level 3 of the Dungeon.
You visited 1 branch of the dungeon, and saw 3 of its levels.


Innate Abilities, Weirdness & Mutations

You are immune to sickness and miasma.
Your stone body is resilient. (AC +2)
You are immune to poison.
You resist negative energy. (rN+)
You are resistant to electric shocks. (rElec)
You are resistant to unholy torment.
You are immune to petrification.


   Skills:
 - Level 3.2 Fighting
 + Level 2.6 Axes
 - Level 1.5 Dodging
 - Level 5.4 Stealth


You had one spell level left.
You didn't know any spells.
Your spell library was empty.

Inventory:

Hand Weapons
 a - a +0 hand axe (weapon)
Armour
 b - a +0 leather armour (worn)
 c - a +0 scale mail
Wands
 g - a wand of digging (3)
Potions
 f - a potion of haste

Dungeon Overview and Level Annotations

Branches:
Dungeon (5/15)
 Temple: D:4-7

Altars:
Zin


Message History

You hit the orc.
You kill the orc!
The orc throws a boomerang.
The boomerang barely misses you.
A hobgoblin comes into view.
The orc wizard shouts!
You hit the orc.
The orc is lightly wounded.
The orc hits you but does no damage.
You hit the orc but do no damage.
The orc is lightly wounded.
You closely miss the orc. You hit the orc but do no damage.
The orc hits you but does no damage. The orc completely misses you.
The orc hits you but does no damage.
You hit the orc but do no damage.
The orc is lightly wounded.
You barely miss the orc. You hit the orc but do no damage.
The orc barely misses you. The orc misses you.
You hit the orc.
You kill the orc!
You closely miss the orc. x2
The orc hits you with a +0 club.
You completely miss the orc. You barely miss the orc. x2
The orc hits you with a +0 flail. The orc hits you with a +0 club.
The orc wizard points at you and mumbles some strange words.
You are confused.
You hit the orc.
The orc is moderately wounded.
You closely miss the orc. You hit the orc. The orc barely misses you.
The orc hits you with a +0 club. The orc barely misses you.
The orc hits you with a +0 club. The orc closely misses you.
The hobgoblin barely misses you.
You bump into the rock wall.
The orc hits you with a +0 falchion. The orc barely misses you.
The orc wizard closely misses you. The hobgoblin closely misses you.
You hit the orc. Your punch misses the orc.
The orc is almost dead.
You hit the hobgoblin but do no damage. You miss the orc wizard.
You closely miss the orc. The orc hits you with a +0 falchion.
You die...

##...
.......
##....
.......
#.....
.......
#..o?.
.......
#..o..
.......
#....
.......
#...#.....##
##oo......
##@go.....?
#.oo.......
#>%........
#..........
...........
##..........
....>......
####........
.......


You could see an orc wizard, 4 orcs and a hobgoblin.

Vanquished Creatures
  5 orcs
  A goblin (D:3)
  A bat (D:3)
7 creatures vanquished.

Notes
Turn   | Place    | Note
-------+----------+-------------------------------------------
     0 | D:5      | qw the Gargoyle Delver began the quest for the Orb.
     0 | D:5      | Reached XP level 1. HP: 14/14 MP: 1/1
     0 | D:5      | 0 ||| qw: Version: 0.1-a-116-g5d60599
     0 | D:5      | 0 ||| qw: Game counter: 9495
     0 | D:5      | 0 ||| qw: Always use a shield: true
     0 | D:5      | 0 ||| qw: God list: Okawaru
     0 | D:5      | 0 ||| qw: Allow faded altars: false
     0 | D:5      | 0 ||| qw: Do Orc after D:15 true
     0 | D:5      | 0 ||| qw: Do second Lair branch before Depths: true
     0 | D:5      | 0 ||| qw: Lair rune preference: random
     0 | D:5      | 0 ||| qw: Plans: Normal
     0 | D:5      | 0 ||| PLANNING D:1-11
     0 | D:5      | 0 ||| DROPPING scroll of fog.
     1 | D:5      | 1 ||| DROPPING scroll of magic mapping.
     2 | D:5      | 2 ||| DROPPING scroll of fear.
    26 | D:4      | HP: 3/14 [orc/+0 dagger (2)]
   317 | D:3      | Reached XP level 2. HP: 19/19 MP: 2/2
   320 | D:3      | 320 ||| Stepping ~*~*~tactically~*~*~ (stealth).
   325 | D:3      | 325 ||| Stepping ~*~*~tactically~*~*~ (stealth).
   334 | D:3      | HP: 3/19 [orc/+0 club (3)]
   335 | D:3      | HP: 1/19 [orc/+0 falchion (1)]
   336 | D:3      | Slain by an orc

Levels and vault maps discovered:
D:3:      layout_rooms, mainiacjoe_overflow_alcove_1,
          minmay_misc_feat_nine_boxes, solitary_fountain, uniq_jessica
D:4:      layout_cave_pools, nicolae_figureground_pulse
D:5:      layout_gridville, overflow_temple_1_default, fiery_altar_vehumet,
          gammafunk_ghost_smash, serial_shops, kennysheep_mini_moat,
          nicolae_shop_gadgets, uniq_sigmund

Skill      XL: |  1 |
---------------+----+-----
Axes           | 2 |  2.6
Fighting       | |  3.2
Dodging        | |  1.5
Stealth        | |  5.4

Action                   || total
-------------------------++-------
Melee: Hand axe          ||    36
Armor: Leather armour    ||    10
Dodge: Dodged            ||    29

Table legend:
 A = Non-vault XP
 B = Vault XP
 C = Vault XP percentage of total XP
 D = Non-vault monster count
 E = Vault monster count
 F = Vault count percentage of total count
                 A         B        C        D         E       F
            +---------+---------+-------+---------+---------+-------
      Total |      18 |       0 |   0.0 |       7 |       0 |   0.0
            +---------+---------+-------+---------+---------+-------
        D:3 |       9 |       0 |   0.0 |       4 |       0 |   0.0
        D:4 |       9 |       0 |   0.0 |       3 |       0 |   0.0
            +---------+---------+-------+---------+---------+-------
